Map: Solaris LE

Players

demzi - Winner!

  • Race: Zerg Zerg
  • Spawn Location: 7:00

starscream

  • Race: Protoss Protoss
  • League: Bronze
  • Spawn Location: 1:00

VOD

Have the link to the VOD?

Description

Time

  • Played on: March 21, 2024, 11:54 a.m.
  • Length: 24:44
Show
View Real Time Build Order
Export as new Build Order

demzi Zerg - Winner!

Build Orders: Hatch First 

Get SALT Encoding   

  12  0:01  Drone  
  13  0:12  Overlord  
  13  0:19  Drone  
  14  0:31  Drone x2  
  16  0:49  Hatchery  
  15  0:52  Drone  
  15  0:56  Drone  
  17  0:59  Drone  
  18  1:10  Extractor  
  17  1:16  Spawning Pool  
  16  1:19  Drone  
  16  1:21  Drone  
  18  1:31  Drone  
  20  1:40  Drone  
  21  1:58  Hatchery  
  20  2:04  Queen, Spine Crawler  
  21  2:09  Spine Crawler  
  21  2:11  Zergling x4  
  21  2:12  Spine Crawler  
  21  2:18  Overlord  
  21  2:30  Roach Warren  
  21  2:36  Zergling x2  
  22  2:37  Zergling x2  
  22  2:48  Queen  
  24  2:59  Overlord  
  24  3:14  Roach  
  24  3:15  Roach x2  
  30  3:37  Roach x2  
  30  3:38  Roach  
  34  4:01  Roach x2  
  34  4:02  Roach x2  
  40  4:06  Roach  
  42  4:15  Queen  
  44  4:23  Overlord  
  44  4:47  Roach x3  
  44  4:49  Overlord  
  48  5:39  Hatchery  
  47  5:50  Drone x4  
  51  6:02  Drone  
  51  6:03  Overlord x3  
  52  6:13  Extractor, Drone  
  52  6:25  Overlord  
  52  6:26  Overlord  
  46  6:49  Roach  
  46  6:50  Roach x4  
  46  7:12  Lair  
  46  7:15  Drone x5  
  41  7:25  Drone  
  41  7:26  Drone x2  
  44  7:43  Drone x6  
  50  7:47  Extractor, Drone  
  50  7:50  Extractor, Drone  
  50  7:53  Drone  
  51  8:09  Overseer  
  51  8:23  Roach  
  51  8:24  Roach x7  
  67  8:28  Queen  
  69  8:38  Drone x3  
  69  8:39  Drone x3  
  75  8:52  Hydralisk Den  
  75  8:54  Roach  
  75  8:55  Roach x3  
  82  8:57  Ravager x4  
  86  9:07  Roach x3  
  92  9:11  Overlord  
  92  9:13  Overlord  
  92  9:33  Evolution Chamber  
  92  9:34  Glial Reconstitution, Evolution Chamber  
  92  9:35  Hatchery  
  89  9:50  Muscular Augments  
  89  9:54  Overlord x2  
  89  9:59  Zerg Missile Weapons Level 1  
  89  10:01  Zerg Ground Armor Level 1  
  59  10:32  Hydralisk  
  59  10:33  Hydralisk x6  
  59  10:35  Hydralisk  
  61  10:39  Hydralisk  
  63  10:50  Hydralisk x2  
  63  10:53  Hydralisk  
  63  10:54  Grooved Spines  
  69  11:05  Drone x4  
  69  11:06  Drone  
  74  11:11  Drone x2  
  74  11:12  Drone  
  74  11:18  Hydralisk  
  79  11:21  Hydralisk  
  79  11:25  Hydralisk  
  83  11:38  Drone x2  
  83  11:39  Drone x2  
  87  11:42  Hydralisk  
  87  11:43  Hydralisk  
  87  11:44  Hydralisk  
  91  12:08  Zerg Missile Weapons Level 2  
  91  12:12  Hydralisk x5  
  101  12:19  Spawning Pool  
  100  12:28  Extractor, Drone x3  
  100  12:29  Extractor  
  101  12:32  Drone x3  
  101  12:33  Drone x3  
  107  13:04  Overseer x2  
  107  13:12  Spire  
  92  13:31  Roach  
  92  13:32  Roach x20  
  92  13:33  Roach  
  110  14:24  Zerg Ground Armor Level 2  
  72  14:39  Corruptor x2  
  72  14:40  Corruptor x7  
  72  14:41  Corruptor x4  
  88  14:53  Overseer  
  88  15:01  Corruptor x3  
  94  15:08  Overseer  
  94  15:14  Zerg Flyer Weapons Level 1  
  94  15:27  Mutalisk x3  
  100  15:32  Overseer  
  100  15:36  Overlord x2  
  100  15:37  Overlord x4  
  100  15:47  Mutalisk  
  100  15:48  Mutalisk x2  
  106  16:04  Mutalisk x2  
  106  16:08  Zergling x2  
  106  16:09  Zergling x36  
  129  16:46  Mutalisk x5  
  99  17:36  Corruptor x2  
  99  17:37  Corruptor x5  
  101  17:44  Zergling x2  
  101  17:45  Zergling x24  
  114  18:02  Corruptor x4  
  122  18:14  Overlord x3  
  122  18:15  Overlord x2  
  122  18:21  Hatchery  
  121  18:30  Corruptor x4  
  121  18:31  Hatchery  
  122  19:03  Drone x3  
  122  19:04  Drone x3  
  122  19:06  Drone x3  
  122  19:07  Drone x3  
  134  19:10  Extractor  
  134  19:13  Extractor  
  134  19:15  Mutalisk x2  
  134  19:16  Corruptor  
  138  19:17  Corruptor  
  138  19:21  Extractor  
  138  19:22  Extractor  
  138  19:43  Corruptor x2  
  138  19:44  Corruptor x2  
  146  19:48  Drone x2  
  146  19:50  Drone  
  149  20:04  Drone x3  
  149  20:05  Drone x6  
  158  20:09  Overlord  
  158  20:12  Drone  
  158  20:13  Drone x2  
  161  20:17  Overlord  
  161  20:20  Overlord  
  142  20:49  Hydralisk x4  
  142  20:50  Hydralisk x7  
  164  21:16  Hydralisk x2  
  164  21:17  Hydralisk x8  
  164  21:18  Hydralisk  
  186  21:34  Zerg Flyer Weapons Level 2  
  186  21:36  Hydralisk  
  186  21:37  Hydralisk x5  
  195  22:29  Hydralisk x11  
  156  22:30  Hydralisk x11  
  150  22:57  Hydralisk x6  
  150  22:58  Mutalisk x3, Hydralisk x2  
  162  23:11  Corruptor  
  162  23:12  Corruptor x2  
  168  23:13  Corruptor  
  168  23:17  Corruptor  
  172  23:32  Drone x3  
  165  24:03  Hatchery  
  156  24:16  Hydralisk x3  
  156  24:17  Hydralisk x3  
  154  24:18  Mutalisk x7  
  154  24:19  Mutalisk x7  
Show
View Real Time Build Order
Export as new Build Order

starscream Protoss 

Build Orders: Carriers 

Get SALT Encoding   

  12  0:14  Pylon  
  12  0:20  Probe  
  13  0:36  Forge  
  13  0:38  Probe  
  14  0:51  Probe (Chrono Boost)  
  14  0:55  Pylon  
  15  1:03  Probe (Chrono Boost)  
  17  1:12  Probe (Chrono Boost)  
  17  1:17  Probe (Chrono Boost)  
  18  1:21  Photon Cannon  
  18  1:26  Probe  
  18  1:31  Photon Cannon  
  19  1:38  Probe  
  20  1:50  Probe  
  21  2:15  Gateway  
  21  2:18  Photon Cannon  
  21  2:21  Assimilator, Probe  
  21  2:22  Assimilator  
  22  2:38  Pylon  
  22  3:00  Photon Cannon  
  22  3:09  Photon Cannon  
  22  3:21  Cybernetics Core  
  22  3:25  Pylon  
  22  3:27  Probe (Chrono Boost)  
  22  3:30  Nexus  
  23  3:35  Pylon  
  23  3:37  Probe (Chrono Boost)  
  24  3:47  Gateway  
  24  3:58  Twilight Council  
  24  4:03  Shield Battery  
  24  4:30  Pylon  
  24  4:35  Charge  
  24  4:37  Zealot x2  
  28  4:42  Dark Shrine  
  28  4:48  Photon Cannon  
  28  4:50  Shield Battery  
  28  4:52  Probe  
  29  5:04  Probe  
  30  5:09  Stalker  
  32  5:14  Stalker  
  32  5:16  Probe  
  35  5:28  Robotics Facility, Probe  
  36  5:34  Pylon  
  36  5:40  Zealot, Probe  
  39  5:44  Zealot  
  41  5:52  Probe  
  42  6:04  Probe  
  42  6:07  Dark Templar (Chrono Boost)  
  45  6:11  Dark Templar (Chrono Boost), Shield Battery  
  45  6:16  Probe  
  52  6:26  Assimilator  
  52  6:29  Probe  
  52  6:30  Pylon  
  41  6:53  Pylon  
  41  7:02  Pylon  
  41  7:07  Pylon  
  41  7:08  Immortal  
  38  7:17  Stargate  
  38  7:20  Pylon  
  38  7:27  Pylon  
  38  7:34  Photon Cannon  
  38  7:37  Photon Cannon  
  38  7:43  Stargate, Probe (Chrono Boost)  
  39  7:47  Observer  
  40  7:52  Assimilator, Probe (Chrono Boost)  
  40  7:54  Probe (Chrono Boost)  
  42  8:03  Stargate, Probe  
  43  8:15  Probe  
  44  8:23  Immortal  
  48  8:28  Fleet Beacon, Probe  
  49  8:40  Probe  
  50  9:02  Void Ray  
  58  9:04  Void Ray  
  58  9:16  Void Ray  
  62  9:22  Photon Cannon  
  62  9:23  Pylon  
  62  9:30  Pylon  
  62  9:35  Robotics Bay  
  62  9:51  Protoss Air Weapons Level 1  
  66  9:53  Photon Cannon  
  66  9:54  Void Ray, Shield Battery  
  66  10:03  Photon Cannon  
  70  10:07  Shield Battery  
  70  10:08  Void Ray  
  70  10:29  Flux Vanes  
  70  10:33  Void Ray  
  66  10:56  Colossus  
  72  11:02  Protoss Ground Weapons Level 1  
  72  11:10  Shield Battery  
  72  11:11  Photon Cannon  
  72  11:31  Carrier  
  78  11:40  Extended Thermal Lance  
  78  11:50  Immortal  
  74  12:28  Colossus  
  80  12:33  Nexus  
  64  12:52  Carrier x2  
  76  13:07  Carrier  
  68  13:45  Nexus  
  68  13:50  Pylon  
  68  13:53  Colossus  
  74  14:17  Shield Battery  
  74  14:19  Shield Battery  
  74  14:23  Shield Battery  
  74  14:55  Pylon  
  74  14:57  Pylon  
  74  15:01  Assimilator  
  74  15:09  Photon Cannon  
  86  15:17  Carrier x3  
  98  15:22  Mothership  
  98  15:25  Shield Battery  
  98  15:26  Photon Cannon  
  98  15:29  Photon Cannon  
  98  15:30  Photon Cannon  
  98  15:31  Shield Battery  
  98  15:49  Colossus  
  104  15:52  Sentry  
  104  15:54  Protoss Air Weapons Level 2  
  104  15:56  Sentry  
  108  16:24  Assimilator  
  108  16:27  Pylon  
  108  16:37  Probe  
  109  16:49  Probe, Pylon  
  110  17:01  Probe  
  93  17:13  Probe  
  93  17:25  Probe  
  76  17:42  Stalker x2  
  80  18:00  Probe (Chrono Boost)  
  80  18:03  Nexus  
  81  18:10  Probe (Chrono Boost)  
  81  18:12  Stalker x2  
  86  18:15  Archon, Probe (Chrono Boost)  
  86  18:19  Pylon  
  87  18:30  Protoss Ground Weapons Level 2 (Chrono Boost)  
  87  18:45  Shield Battery  
  87  18:47  Shield Battery  
  87  18:57  Pylon  
  87  18:59  Shield Battery  
  87  19:07  Dark Templar  
  89  19:13  Dark Templar  
  91  19:19  Probe  
  92  19:31  Probe  
  93  19:46  Probe  
  94  19:52  Protoss Air Armor Level 1  
  94  19:59  Archon  
  100  20:07  Photon Cannon  
  100  20:12  Photon Cannon  
  100  20:13  Mothership (Chrono Boost)  
  100  20:17  Probe (Chrono Boost)  
  101  20:26  Probe (Chrono Boost)  
  101  20:27  Dark Templar  
  104  20:31  Probe (Chrono Boost)  
  104  20:33  Dark Templar  
  101  20:48  Protoss Shields Level 1  
  107  21:04  Carrier  
  107  21:05  Carrier  
  113  21:13  Photon Cannon  
  113  21:21  Archon  
  113  21:27  Probe (Chrono Boost)  
  114  21:36  Probe (Chrono Boost)  
  114  21:39  Photon Cannon  
  115  21:41  Photon Cannon, Probe (Chrono Boost)  
  116  21:48  Photon Cannon  
  116  21:53  Probe  
  117  21:59  Dark Templar  
  119  22:02  Dark Templar  
  119  22:05  Probe  
  119  22:06  Assimilator  
  122  22:10  Assimilator  
  122  22:11  Pylon  
  48  23:01  Archon  
  48  23:04  Colossus  
  58  23:13  Void Ray  
  58  23:18  Probe (Chrono Boost)  
  60  23:27  Stalker x2  
  60  23:28  Probe (Chrono Boost)  
  60  23:33  Probe (Chrono Boost)  
  64  23:37  Photon Cannon  
  65  23:41  Photon Cannon  
  65  23:44  Photon Cannon, Probe  
  66  23:56  Probe  
  66  23:57  Stalker x2  
Tags
 
Composition
Carriers
League
Bronze
Matchup
PvZ
Replay Pack
Multiplayer
Spawn Locations
Cross Positions
Add a new tag
Caveats
  • Supply blocks, unpowered buildings, or Contaminate may cause inaccurate times.
  • Supply counts are checked every 10 seconds.